 Dungeon Crawl Stone Soup version 0.18.1-48-g4cf74bf (webtiles) character file.

4151 TuxedoFelix the Blocker (level 10, -6/86 HPs)
             Began as a Minotaur Fighter on July 21, 2016.
             Was an Initiate of Ru.
             Mangled by an orc wizard
             ... wielding a +0 dagger of electrocution
              (20 damage)
             ... on level 8 of the Dungeon.
             The game lasted 00:45:46 (9416 turns).

TuxedoFelix the Blocker (Minotaur Fighter)          Turns: 9416, Time: 00:45:47

Health: -6/86      AC:  8    Str: 27    XL:     10   Next: 7%
Magic:  9/9        EV: 11    Int:  5    God:    Ru [......]
Gold:   412        SH: 16    Dex: 10    Spells: 0 memorised, 9 levels left

rFire  . . .     SeeInvis .     s - +2 mace (crush)
rCold  . . .     Gourm    .     b - +0 scale mail
rNeg   . . .     Faith    .     c - +4 shield
rPois  .         Spirit   .     (helmet restricted)
rElec  .         Dismiss  .     G - +0 cloak
rCorr  .         Reflect  .     (no gloves)
SustAt .         Harm     .     r - +0 pair of boots
MR     .....                    (no amulet)
Stlth  ..........               (no ring)
                                (no ring)

@: mighty, heavily drained, not resistant to hostile enchantments, extremely
unstealthy
A: retaliatory headbutt, horns 2, weak 1
a: Sacrifice Nimbleness, Sacrifice Artifice, Sacrifice Courage, Reject
Sacrifices, Renounce Religion


You were on level 8 of the Dungeon.
You worshipped Ru.
Ru was noncommittal.
You were not hungry.

You visited 2 branches of the dungeon, and saw 9 of its levels.

You collected 412 gold pieces.

Inventory:

Hand Weapons
 a - a +0 flail
 s - a +2 mace of crushing (weapon)
Missiles
 p - 16 tomahawks (quivered)
 y - a throwing net
 H - 5 steel javelins
 K - 2 tomahawks of returning
Armour
 b - a +0 scale mail (worn)
 c - a +4 shield (worn)
 r - a +0 pair of boots (worn)
 G - a +0 cloak (worn)
Wands
 B - a wand of random effects (17/48)
 M - a wand of disintegration (10/24)
Scrolls
 g - 6 scrolls of remove curse
 h - a scroll of amnesia {unknown}
 j - 2 scrolls of random uselessness {unknown}
 k - 2 scrolls of magic mapping
 l - a scroll of teleportation {unknown}
 o - a scroll of fog {unknown}
 q - a scroll of recharging {unknown}
 v - 2 scrolls of immolation
 w - a scroll of noise {unknown}
 J - 2 scrolls of blinking
Potions
 e - 6 potions of lignification
 f - a potion of agility {unknown}
 n - a potion of haste {unknown}
 t - 4 potions of curing
 u - 2 potions of heal wounds
 x - 2 potions of resistance
 z - a potion of invisibility {unknown}
 E - a potion of brilliance {unknown}
 F - a potion of magic
 L - a potion of cure mutation {unknown}
Comestibles
 i - 8 slices of pizza
 m - 6 fruits
 C - a meat ration
 D - a royal jelly
 I - 3 bread rations


   Skills:
 + Level 7.2(5.8) Fighting
 * Level 9.7(8.2) Maces & Flails
 - Level 3.6(2.4) Armour
 * Level 8.6(7.2) Dodging
 * Level 10.0(8.6) Shields


You had 9 spell levels left.
You didn't know any spells.

Dungeon Overview and Level Annotations

Branches:
Dungeon (8/15)             Temple (1/1) D:4
   Lair: D:8-11

Altars:
Ashenzari
Cheibriados
Dithmenos
Elyvilon
Fedhas
Gozag
Kikubaaqudgha
Makhleb
Nemelex Xobeh
Okawaru
Pakellas
Qazlal
Ru
Sif Muna
Trog
Vehumet
Xom
Yredelemnul
Zin
The Shining One


Innate Abilities, Weirdness & Mutations

You reflexively headbutt those who attack you in melee.
You have a pair of horns on your head.
You are weak. (Str -2)


Message History

A puff of flame appears from out of thin air!
The puff of flame hits you! You block the orc priest's attack.
You sock the orc!
You kill the orc!
Something hits you. The orc priest hits you with a mace.
You block something's attack.
You barely miss something.
You hear some strange, mumbled words.
A magic dart appears from out of thin air!
The magic dart hits you!
* * * LOW HITPOINT WARNING * * *
Something hits you but does no damage.
You are electrocuted!
* * * LOW HITPOINT WARNING * * *
You feel better. You block something's attack.
You block the orc priest's attack. Something hits you.
You are electrocuted!
* * * LOW HITPOINT WARNING * * *
As you read the scroll of fear, it crumbles to dust.
You assume a fearsome visage.
The orc priest looks frightened! x2
Something hits you but does no damage.
You are electrocuted!
You die...

#..........# ## #
#..........# ..##.#
#..........# .....#
#..........####...###
...........##.......#
#.................# #
#..........##.###.#.##
#############.>..)...#
####@#####
#######)....# ####
.......oo##.# ...#
.........+ ...#
.........# ...#
...!.....# ...###
.........# .....#
.........# .....#
.........#


You could see 2 orc priests.

Vanquished Creatures
  The ghost of TuxedoFelix the Blocker, a novice MiFi of Ru (D:7)
  A spriggan (D:8)
  A hungry ghost (D:8)
  A water moccasin (D:8)
  The ghost of Slippy the Sneak, an amateur SpEn (D:3)
  An ice beast (D:6)
  2 orc warriors (D:8)
  A sky beast (D:7)
  2 phantoms (D:4)
  6 ogres
  A centaur (D:7)
  Blork the orc (D:4)
  5 giant frogs
  3 scorpions
  4 killer bees (D:8)
  4 wights (D:8)
  A howler monkey (D:4)
  4 crimson imps
  A giant frog zombie (D:5)
  3 jellies
  A giant frog skeleton (D:5)
  A hound (D:6)
  A centaur skeleton (D:8)
  An iguana (D:7)
  2 orc wizards
  12 worker ants
  2 hound skeletons (D:5)
  A howler monkey zombie (D:7)
  A worker ant zombie (D:7)
  13 adders
  A shadow imp (D:8)
  An ooze (D:2)
  2 adder skeletons (D:7)
  2 adder zombies
  3 worms
  2 dart slugs (D:1)
  8 giant geckos
  43 orcs
  2 bats
  5 giant cockroaches
  6 hobgoblins
  12 jackals
  6 kobolds
  3 quokkas
  A ball python (D:4)
  A ball python skeleton (D:4)
  A giant gecko skeleton (D:5)
  3 giant newts
  7 goblins
  9 rats
197 creatures vanquished.

Vanquished Creatures (others)
  An orc (D:6)
1 creature vanquished.

Grand Total: 198 creatures vanquished

Notes
Turn   | Place    | Note
--------------------------------------------------------------
     0 | D:1      | TuxedoFelix the Minotaur Fighter began the quest for the Orb.
     0 | D:1      | Reached XP level 1. HP: 19/19 MP: 0/0
   189 | D:1      | Reached skill level 4 in Shields
   330 | D:1      | Reached XP level 2. HP: 26/26 MP: 1/1
   336 | D:1      | Reached skill level 1 in Dodging
   968 | D:2      | Reached XP level 3. HP: 23/31 MP: 2/2
  1208 | D:2      | Found an ancient bone altar of Kikubaaqudgha.
  1277 | D:2      | Found a basalt altar of Yredelemnul.
  1910 | D:3      | Noticed Slippy's ghost (amateur SpEn)
  1917 | D:3      | Killed Slippy's ghost
  1917 | D:3      | Reached skill level 5 in Shields
  1917 | D:3      | Reached XP level 4. HP: 39/39 MP: 3/3
  1917 | D:3      | Reached XP level 5. HP: 45/45 MP: 4/4
  3007 | D:3      | Found a glowing silver altar of Zin.
  3328 | D:4      | Reached XP level 6. HP: 52/52 MP: 5/5
  3401 | D:4      | Noticed Blork the orc
  3409 | D:4      | Killed Blork the orc
  3441 | D:4      | Found a staircase to the Ecumenical Temple.
  3452 | Temple   | Entered the Ecumenical Temple
  3498 | Temple   | Became a worshipper of Ru the Awakened
  3772 | D:4      | Reached skill level 5 in Maces & Flails
  3772 | D:4      | Reached skill level 6 in Shields
  3961 | D:4      | Reached XP level 7. HP: 54/60 MP: 6/6
  4504 | D:5      | Entered Level 5 of the Dungeon
  4539 | D:5      | Reached skill level 5 in Dodging
  4814 | D:5      | Reached skill level 5 in Fighting
  4814 | D:5      | Reached skill level 7 in Shields
  4955 | D:5      | Found a sparkling altar of Nemelex Xobeh.
  5271 | D:5      | Reached XP level 8. HP: 56/68 MP: 7/7
  5628 | D:6      | Gained mutation: You are weak. (Str -2) [Ru sacrifice]
  6777 | D:7      | Reached skill level 8 in Shields
  6955 | D:7      | Noticed TuxedoFelix's ghost (novice MiFi)
  6963 | D:7      | Killed TuxedoFelix's ghost
  6963 | D:7      | Reached XP level 9. HP: 75/75 MP: 8/8
  7228 | D:7      | Reached skill level 9 in Shields
  7434 | D:7      | Found a sand-covered staircase.
  9120 | D:8      | Reached XP level 10. HP: 57/86 MP: 9/9
  9409 | D:8      | Reached skill level 10 in Shields
  9416 | D:8      | Mangled by an orc wizard

Skill      XL: |  1  2  3  4  5  6  7  8  9 10 |
---------------+-------------------------------+-----
Shields        | 4 5 6 7 8 9 10 | 10.0
Dodging        | 1 3 4 5 6 8 |  8.6
Maces & Flails | 3 4 5 6 7 9 |  9.7
Fighting       | 4 5 6 7 |  7.2
Armour         | |  3.6

Action                   |  1- 3 |  4- 6 |  7- 9 | 10-12 || total
-------------------------+-------+-------+-------+-------++-------
Melee: Flail             |    79 |    53 |       |       ||   132
       Headbutt          |     7 |    14 |    67 |     5 ||    93
       Mace              |       |    80 |   379 |    26 ||   485
Invok: Sacrifice Purity  |       |       |     1 |       ||     1
  Use: Scroll            |     3 |       |    10 |     1 ||    14
       Potion            |       |       |     4 |     2 ||     6
  Eat: Bread ration      |     1 |       |     2 |       ||     3
       Fruit             |     1 |       |       |       ||     1
       Pizza             |     1 |       |       |       ||     1
       Meat ration       |       |     1 |     2 |     1 ||     4
       Beef jerky        |       |       |     3 |       ||     3
Armor: Scale mail        |    30 |    55 |    79 |     5 ||   169
Dodge: Dodged            |    13 |    44 |    99 |     6 ||   162
Block: Shield            |    47 |    61 |   260 |    23 ||   391
